 Dungeon Crawl Stone Soup version 0.31-a0-1-g4198be8af4 (webtiles) character file.

Game seed: 4537234647973085166

184 ytrimaz the Chopper (level 5, -8/36 HPs)
             Began as an Octopode Fighter on May 1, 2023.
             Mangled by Pikel
             ... wielding a +1 whip of flaming
              (9 damage)
             ... on level 4 of the Dungeon.
             The game lasted 00:03:09 (2822 turns).

ytrimaz the Chopper (Octopode Fighter)              Turns: 2822, Time: 00:03:09

Health: -8/36      AC:  1    Str: 21    XL:     5   Next: 63%
Magic:  5/5        EV: 14    Int: 10    God:
Gold:   107        SH:  5    Dex: 14    Spells: 4/4 levels left

rFire   . . .        a - +1 war axe
rCold   . . .        b - +0 buckler
rNeg    . . .        (helmet restricted)
rPois   .            (no amulet)
rElec   .            e - +6 ring of strength
rCorr   .            (no ring)
SInv    .            (no ring)
Will    .....        (no ring)
Stlth   +++          (no ring)
HPRegen 0.26/turn    (no ring)
MPRegen 0.09/turn    (no ring)
                     (no ring)

%: no passive effects
@: no status effects
A: almost no armour, amphibious, 8 rings, camouflage 1, gelatinous body 1,
(nimble swimmer 1), tentacles
a: no special abilities


You were on level 4 of the Dungeon.
You visited 1 branch of the dungeon, and saw 4 of its levels.

You collected 203 gold pieces.
You spent 96 gold pieces at shops.


Innate Abilities, Weirdness & Mutations

You cannot wear most types of armour.
You are amphibious.
You can wear up to eight rings at the same time.
Your skin changes colour to match your surroundings (Stealth+).
Your rubbery body absorbs attacks. (AC +1, EV +1)
((You are camouflaged when in or above water. (Stealth+)))
You have tentacles for arms and can constrict up to eight enemies at once.


   Skills:
 - Level 3.0 Fighting
 * Level 4.2 Axes
 + Level 3.9 Dodging
 + Level 3.5 Stealth
 - Level 3.0 Shields


You had 4 spell levels left.
You didn't know any spells.
Your spell library contained the following spells:

 Spells                   Type           Power      Damage    Failure   Level
 Sandblast                Erth           0%         2d4       43%         1
 Passwall                 Tmut/Erth      0%         N/A       56%         2
 Stone Arrow              Conj/Erth      0%         3d7       80%         3
 Fireball                 Conj/Fire      0%         3d3       100%        5
 Iskenderun's Battlesphe  Conj           0%         2d6       100%        5
 Conjure Ball Lightning   Conj/Air       0%         3x3d6     100%        6
 Orb of Destruction       Conj           0%         9d5       100%        7

Inventory:

Hand Weapons
 a - a +1 war axe (weapon)
Armour
 b - a +0 buckler (worn)
Jewellery
 e - a +6 ring of strength (left tentacle)
   (You found it on level 1 of the Dungeon)
Scrolls
 g - 2 scrolls of fog
Potions
 c - a potion of might
 d - 3 potions of berserk rage
 f - a potion of brilliance
 h - 2 potions of ambrosia
 m - a potion of invisibility
 o - a potion of mutation {unknown}

Dungeon Overview and Level Annotations

Branches:
Dungeon (4/15) Zot: 21134
 Temple: D:4-7

Altars:
Elyvilon
Uskayaw
The Shining One

Shops:
D:1 !

Annotations:
D:4 Pikel

.....##..#
....##..#
...##..###
#........
#..##..#
#..##..##
#######..5....#
#.......@K....#
#######..###..#
#..# ..# #..#
..K. #... ..##.
#.... ... #
#.####.### ###
..


You could see Pikel and a lemure.


Message History

Key pressed, stopping explore.
Found a stone staircase leading down. 😎 HP[+1]
Your hp is fully restored (36).
There is a stone staircase leading down here.
A bat comes into view.
A bat is nearby!
You barely miss the bat. Your grab misses the bat. The bat closely misses you.
You block the bat's attack.
You slash the bat!
You kill the bat!
No target in view!
No target in view!
No target in view!
Key pressed, stopping explore.
You enter the shallow water.
Key pressed, stopping explore.
Key pressed, stopping explore.
You open the door.
There is an open door here.
You see here 6 stones.
Key pressed, stopping explore.
There is a shaft here.
Done exploring.
There is a stone staircase leading down here.
You climb downwards.
There is a stone staircase leading up here.
Unknown command.
As you read the scroll labelled ZAFOPH CUUWOGE, it crumbles to dust.
It is a scroll of enchant weapon.
Your +0 war axe glows red for a moment.
As you read the scroll labelled XAFAODUO BYOBO, it crumbles to dust.
You feel strangely unstable.
It was a scroll of teleportation.
As you read the scroll labelled PANAHI DIHEU, it crumbles to dust.
You hear the flapping of tiny wings.
It was a scroll of butterflies.
Unknown command.
You start waiting.
Your surroundings suddenly seem different.
An iguana comes into view.
An iguana is nearby!
Unknown command.
An iguana is nearby!
An iguana is nearby!
The iguana closely misses you.
You hit the iguana. Your grab misses the iguana.
Your squeeze misses the iguana. The iguana bites you. 😕 HP[-2]
You take 2 damage, and now have 34/36 hp.
You hit the iguana. You grab the iguana. You constrict the iguana.
The iguana bites you! 😮 HP[-8]
You take 8 damage, and now have 26/36 hp.
MASSIVE DAMAGE!! (PAUSE)
You are too injured to fight recklessly!
You slash the iguana!
You kill the iguana! 😮 HP[+1]
You are too injured to fight recklessly!
A hobgoblin comes into view.
The hobgoblin shouts!
You hear a shout! x3
A lemure comes into view.
Unknown command.
You are too injured to fight recklessly!
The hobgoblin closely misses you.
You barely miss the hobgoblin. Your grab misses the hobgoblin.
The hobgoblin barely misses you. 😕 HP[+1]
You barely miss the hobgoblin. You grab the hobgoblin.
You constrict the hobgoblin. The hobgoblin closely misses you.
Pikel, Merchant of Souls comes into view.
He is wielding a +1 whip of flaming.
You release your grip on the hobgoblin.
The hobgoblin attacks as you move away! The hobgoblin misses you.
The hobgoblin attacks as you move away! You block the hobgoblin's attack.
The hobgoblin attacks as you move away!
You block the hobgoblin's attack. 😕 HP[+1]
You barely miss the hobgoblin. Your grab misses the hobgoblin.
You block the hobgoblin's attack. x2
You slash the hobgoblin!
You kill the hobgoblin!
The lemure hits you.
Pikel hits you with a +1 whip of flaming!
Pikel burns you.
* * * LOW HITPOINT WARNING * * *
You see here a hobgoblin corpse. 😨 HP[-12]
You take 12 damage, and now have 17/36 hp.
MASSIVE DAMAGE!! (PAUSE) Pikel attacks as you move away!
Pikel hits you with a +1 whip of flaming!
* * * LOW HITPOINT WARNING * * *
Pikel burns you.
* * * LOW HITPOINT WARNING * * *
😱 HP[-13]
You take 13 damage, and now have 4/36 hp.
MASSIVE DAMAGE!! (PAUSE)
You feel better. The lemure hits you!
* * * LOW HITPOINT WARNING * * *
Pikel hits you with a +1 whip of flaming!
You die...

Skill      XL: |  1  2  3  4  5 |
---------------+----------------+-----
Stealth        | 1 2 3 |  3.5
Axes           | 3 4 |  4.2
Fighting       | |  3.0
Dodging        | |  3.9
Shields        | |  3.0

Action                     |  1- 3 |  4- 6 || total
---------------------------+-------+-------++-------
  Melee: War axe           |    60 |    59 ||   119
         Constrict         |    14 |    13 ||    27
         Tentacles         |     6 |     7 ||    13
         Punch             |     1 |       ||     1
    Use: Scroll            |     6 |     5 ||    11
         Potion            |       |     1 ||     1
   Stab: Sleeping          |     5 |     9 ||    14
 Armour: Skin              |    12 |     2 ||    14
  Dodge: Dodged            |    54 |    24 ||    78
  Block: Buckler           |    13 |    12 ||    25

Levels and vault maps discovered:
D:1:      minmay_arrival_glassed_features, layout_basic, serial_shops,
          nicolae_shop_tiny_waterfront, minmay_domino_4
D:2:      layout_rooms, minmay_cut_off
D:3:      layout_basic, tso_metal_star, elyvilon_altar_4,
          nicolae_uskayaw_en_pointe, uniq_terence
D:4:      black_bear_nest_1, layout_basic, roderic_serpentine_path, uniq_pikel

Notes
Turn   | Place    | Note
-------+----------+-------------------------------------------
     0 | D:1      | ytrimaz the Octopode Fighter began the quest for the Orb.
     0 | D:1      | Reached XP level 1. HP: 16/16 MP: 1/1
     0 | D:1      | magus.rc [v1.9.6]
   182 | D:1      | Reached skill level 1 in Stealth
   182 | D:1      | Reached XP level 2. HP: 20/21 MP: 2/2
   556 | D:1      | Reached XP level 3. HP: 9/26 MP: 3/3
   962 | D:1      | Reached skill level 3 in Axes
  1000 | D:1      | Found Uzuudom's Distillery.
  1008 | D:1      | Bought a potion of invisibility for 96 gold pieces
  1044 | D:2      | Reached skill level 2 in Stealth
  1098 | D:2      | You pick up a book of Geomancy and begin reading...
  1098 | D:2      | You add the spells Sandblast, Passwall and Stone Arrow to
                  | your library.
  1116 | D:2      | You pick up a book of the Spheres and begin reading...
  1116 | D:2      | You add the spells Iskenderun's Battlesphere, Fireball,
                  | Conjure Ball Lightning and Orb of Destruction to your
                  | library.
  1229 | D:2      | Reached XP level 4. HP: 24/31 MP: 4/4
  1766 | D:3      | Found a glowing golden altar of the Shining One.
  1933 | D:3      | Noticed Terence
  1941 | D:3      | Killed Terence
  1942 | D:3      | Reached skill level 3 in Stealth
  1942 | D:3      | Reached XP level 5. HP: 27/36 MP: 5/5
  2131 | D:3      | Found a white marble altar of Elyvilon.
  2152 | D:3      | Reached skill level 4 in Axes
  2317 | D:3      | Noticed a +0 dagger
  2318 | D:3      | Noticed a +0 spear
  2318 | D:3      | Noticed a +0 short sword
  2319 | D:3      | Noticed a +0 falchion
  2319 | D:3      | Noticed a +0 spear
  2320 | D:3      | Noticed a +0 short sword
  2320 | D:3      | Noticed a +0 dagger
  2320 | D:3      | Noticed a +0 falchion
  2501 | D:3      | Found a hide-covered altar of Uskayaw.
  2811 | D:4      | Noticed a lemure
  2814 | D:4      | Noticed Pikel
  2821 | D:4      | HP: 5/36 [Pikel/+1 whip of flaming (12)]
  2822 | D:4      | HP: 1/36 [lemure[Pikel] (9)]
  2822 | D:4      | Mangled by Pikel

Vanquished Creatures
  An iguana (D:4)
  Terence (D:3)
  5 adders
  A worm (D:2)
  A dart slug (D:1)
  4 orcs (D:3)
  10 ball pythons
  6 bats
  7 endoplasms
  3 giant cockroaches
  5 goblins
  8 hobgoblins
  4 jackals (D:1)
  4 kobolds
  5 quokkas
  5 frilled lizards
  7 rats
77 creatures vanquished.

Vanquished Creatures (others)
  A quokka (D:3)
  A kobold (D:3)
2 creatures vanquished.

Grand Total: 79 creatures vanquished

Table legend:
 A = Non-vault XP
 B = Vault XP
 C = Vault XP percentage of total XP
 D = Non-vault monster count
 E = Vault monster count
 F = Vault count percentage of total count
                 A         B        C        D         E       F
            +---------+---------+-------+---------+---------+-------
      Total |     224 |      39 |  14.8 |      74 |       3 |   3.9
            +---------+---------+-------+---------+---------+-------
        D:1 |      49 |       3 |   5.8 |      28 |       2 |   6.7
        D:2 |      80 |       0 |   0.0 |      27 |       0 |   0.0
        D:3 |      56 |      36 |  39.1 |      17 |       1 |   5.6
        D:4 |      39 |       0 |   0.0 |       2 |       0 |   0.0
            +---------+---------+-------+---------+---------+-------

Skill      XL: |  1  2  3  4  5 |
---------------+----------------+-----
Stealth        | 1 2 3 |  3.5
Axes           | 3 4 |  4.2
Fighting       | |  3.0
Dodging        | |  3.9
Shields        | |  3.0

Action                     |  1- 3 |  4- 6 || total
---------------------------+-------+-------++-------
  Melee: War axe           |    60 |    59 ||   119
         Constrict         |    14 |    13 ||    27
         Tentacles         |     6 |     7 ||    13
         Punch             |     1 |       ||     1
    Use: Scroll            |     6 |     5 ||    11
         Potion            |       |     1 ||     1
   Stab: Sleeping          |     5 |     9 ||    14
 Armour: Skin              |    12 |     2 ||    14
  Dodge: Dodged            |    54 |    24 ||    78
  Block: Buckler           |    13 |    12 ||    25

Illustrated notes

Table legend:
 A = Kills in this place as a percentage of kills in the entire game.
 B = Kills by you in this place as a percentage of kills by you in the entire game.
 C = Kills by friends in this place as a percentage of kills by friends in the entire game.
 D = Other kills in this place as a percentage of other kills in the entire game.
 E = Experience gained in this place as a percentage of experience gained in the entire game.
 F = Experience gained in this place divided by the number of levels of this place that you have seen.
                   A       B       C       D       E      F
               +-------+-------+-------+-------+-------+----------------------
         Total | 100.0 | 100.0 |   N/A |   N/A | 100.0 |  65.8
       Dungeon | 100.0 | 100.0 |   N/A |   N/A | 100.0 |  65.8
               +-------+-------+-------+-------+-------+----------------------

Table legend: (Time is in decaauts)
 A = Elapsed time spent in this place.
 B = Non-inter-level travel time spent in this place.
 C = Inter-level travel time spent in this place.
 D = Time resting spent in this place.
 E = Time spent auto-exploring this place.
 F = Levels seen in this place.
 G = Mean time per level.
                   A        B        C        D        E       F      G
               +--------+--------+--------+--------+--------+-----+--------+
         Total |   2864 |   2843 |     21 |      0 |   2278 |   4 |  716.0 |
       Dungeon |   2864 |   2843 |     21 |      0 |   2278 |   4 |  716.0 |
               +--------+--------+--------+--------+--------+-----+--------+

Top non-repeatable levels by time:
     D:3: 1058 daAuts
     D:1: 1045 daAuts
     D:2: 734 daAuts
     D:4: 26 daAuts
